 Dungeon Sprint DCSS version 0.30.1-11-g7821555f0a (webtiles) character file.

Game seed: 4331059033858750869

10395 Heoruswealwe the Phalangite (level 11, 0/117 HPs)
             Began as a Minotaur Fighter on Dec 15, 2023.
             Was an Initiate of Gozag.
             Slain by an orc knight
             ... wielding a +0 glaive
              (9 damage)
             ... in the Dungeon (Sprint IX: "|||||||||||||||||||||||||||||").
             The game lasted 00:10:16 (1513 turns).

Heoruswealwe the Phalangite (Minotaur Fighter)      Turns: 1513, Time: 00:10:16

Health: 0/117      AC: 30    Str: 29    XL:     11   Next: 35%
Magic:  10/10      EV:  8    Int:  5    God:    Gozag
Gold:   5438       SH:  0    Dex:  9    Spells: 10/10 levels left

rFire   . . .        b - +2 halberd (protect)
rCold   . . .        (shield currently unavailable)
rNeg    . . .        c - +0 plate armour
rPois   .            (helmet restricted)
rElec   .            h - +0 cloak
rCorr   .            f - +0 pair of gloves
SInv    .            (no boots)
Will    .....        (no amulet) Stlth
                     k - +3 ring of strength
HPRegen 0.39/turn    j - +2 ring of protection
MPRegen 0.12/turn

%: no teleportation
@: under a protective aura, hasted, very quick
A: horns 2, retaliatory headbutt
a: Renounce Religion, Potion Petition, Call Merchant, Bribe Branch


You were in the Dungeon.
You worshipped Gozag.
Gozag was greatly pleased with you.
You visited 1 branch You collected 5438 gold pieces.

Inventory:

Hand Weapons
 a - a +0 trident
 b - a +2 halberd of protection (weapon)
 s - a +0 glaive
Armour
 c - a +0 plate armour (worn)
 d - a +2 kite shield of protection
 f - a +0 pair of gloves (worn)
 h - a +0 cloak (worn)
Jewellery
 j - a +2 ring of protection (right hand)
 k - a +3 ring of strength (left hand)
Wands
 r - a wand of acid (10)
Scrolls
 i - a scroll of identify
 m - 2 scrolls of blinking
 n - 4 scrolls of enchant armour
 o - a scroll of enchant weapon
Potions
 e - 9 potions of curing
 l - 2 potions of might
 q - a potion of berserk rage


   Skills:
 + Level 17.2 Fighting
 * Level 23.1 Polearms
 + Level 17.2 Armour
 - Level 3.6 Shields


You had 10 spell levels left.
You didn't know any spells.
Your spell library was empty.

Dungeon Overview and Level Annotations

Branches:
Dungeon (1/1)

Altars:
Cheibriados
Dithmenos
Elyvilon
Fedhas
Gozag
Hepliaklqana
Kikubaaqudgha
Makhleb
Nemelex Xobeh
Okawaru
Qazlal
Ru
Sif Muna
Trog
Uskayaw
Vehumet
Wu Jian
Xom
Yredelemnul
Zin
The Shining One
Jiyva
Lugonu

Shops:
D =


Innate Abilities, Weirdness & Mutations

You have a pair of horns on your head.
You reflexively headbutt those who attack you in melee.


Message History

The orc knight is moderately wounded.
The orc knight no longer looks unusually strong.
The orc warrior is no longer distracted by gold.
The orc knight no longer looks unusually strong.
The orc knight roars a battlecry!
The orc knight goes into a battle-frenzy!
The orc knight hits you with a +1 broad axe.
* * * LOW HITPOINT WARNING * * *
You slice the orc knight!!
The orc knight is severely wounded.
You slice the orc knight!!
You kill the orc knight!
Your Polearms skill increases to level 23!
The orc knight roars a battlecry!
The orc knight goes into a battle-frenzy!
The orc knight hits you with a +0 glaive!!
* * * LOW HITPOINT WARNING * * *
The orc warrior is distracted by your dazzling golden aura.
The orc warrior shouts!
There is an open door to Orc:2, spattered with blood here.
You closely miss the orc knight. Your headbutt misses the orc knight.
You slice the orc knight!!
The orc knight is heavily wounded.
The orc warrior no longer looks unusually strong.
The orc knight roars a battlecry!
The orc warrior goes into a battle-frenzy!
The orc knight closely misses you. You furiously retaliate!
You headbutt the orc knight! You closely miss the orc knight.
The orc knight is severely wounded.
You closely miss the orc knight. Your headbutt misses the orc knight.
The orc knight is severely wounded.
The orc knight hits you with a +0 glaive!
* * * LOW HITPOINT WARNING * * *
You feel better.
You barely miss the orc knight. You headbutt the orc knight!
The orc knight is severely wounded.
The orc knight hits you with a +0 glaive!
You die...
Your body crumbles into a pile of gold.

,*,*,*,*,*,*,*,*∩▓.▓.▓.▓.▓
,*,*,*,*,*,*,*,▓.▓.▓.▓.▓[▓
,*,*,*,*,*,*,*,▓o▓.▓.▓.▓[▓
,*,*,*,*+*,*,*,▓$▓.▓.▓.▓[▓
,*,*,*,*,*,*,*,▓o▓.▓.▓.▓)▓
,*,*,*,*,*,*,*,▓o▓.▓.▓.▓?▓
,*,*,*,*,*,*+*,▓o▓.▓.▓.▓!▓
,*,*,*,*,*,*,*,▓o▓.▓'▓.▓'▓
,*,*,*,*,*,*,*,▓@▓.▓.▓.▓_▓
,*,*,*,*,*,*,*,▓.▓.▓.▓.▓_▓
,*,*,*,*,*,*,*,▓.▓.▓.▓.▓_▓
,*,*,*,*,*,*,*,▓.▓.▓.▓.▓_▓
,*,*+*,*,*,*,*,▓.▓.▓.▓.▓_▓
,*,*,*,*+*,*,*,▓.▓.▓.▓.▓_▓
,*,*,*,*,*,*,*,▓.▓.▓.▓.▓_▓
,*,*,*,*,*,*,*,▓.▓.▓.▓.▓_▓
,*,*,*,*,*,*,*,▓.▓.▓.▓.▓_▓


You could see 2 orc knights and 3 orc warriors.

Vanquished Creatures
  A hydra (D)
  A tengu warrior (D)
  3 orc knights (D)
  An orc sorcerer (D)
  An ugly thing (D)
  A gargoyle (D)
  6 cane toads (D)
  4 komodo dragons (D)
  A tengu conjurer (D)
  2 tyrant leeches (D)
  A dream sheep (D)
  3 blink frogs (D)
  A slime creature (D)
  2 wraiths (D)
  2 yaks (D)
  A vampire mosquito (D)
  3 water moccasins (D)
  11 orc warriors (D)
  A wolf (D)
  3 bullfrogs (D)
  A killer bee (D)
  A howler monkey (D)
  A hound (D)
  An orc priest (D)
  5 orc wizards (D)
  An adder (D)
  12 orcs (D)
  2 hobgoblins (D)
  A bat (D)
  2 goblins (D)
76 creatures vanquished.

Notes
Turn   | Place    | Note
-------+----------+-------------------------------------------
     0 | D        | Heoruswealwe the Minotaur Fighter began the quest for the
                  | Orb.
     0 | D        | Reached XP level 1. HP: 19/19 MP: 0/0
     8 | D        | Reached skill level 3 in Polearms
    22 | D        | Noticed a hound
    22 | D        | Noticed an orc priest
    27 | D        | Reached skill level 4 in Polearms
    30 | D        | Killed an orc priest
    31 | D        | Reached skill level 5 in Fighting
    31 | D        | Reached skill level 5 in Polearms
    31 | D        | Reached skill level 5 in Armour
    31 | D        | Reached XP level 2. HP: 6/29 MP: 1/1
    31 | D        | Reached XP level 3. HP: 8/36 MP: 2/2
    37 | D        | Reached skill level 6 in Polearms
    48 | D        | Reached skill level 7 in Polearms
    48 | D        | Reached XP level 4. HP: 8/44 MP: 3/3
    54 | D        | Found a snail-covered altar of Cheibriados.
    54 | D        | Found a shadowy altar of Dithmenos.
    54 | D        | Found a white marble altar of Elyvilon.
    54 | D        | Found a blossoming altar of Fedhas.
    54 | D        | Found an opulent altar of Gozag.
    55 | D        | Found a hazy altar of Hepliaklqana.
    56 | D        | Found a viscous altar of Jiyva.
    57 | D        | Found an ancient bone altar of Kikubaaqudgha.
    58 | D        | Found a corrupted altar of Lugonu.
    59 | D        | Found a burning altar of Makhleb.
    60 | D        | Found a sparkling altar of Nemelex Xobeh.
    61 | D        | Found an iron altar of Okawaru.
    62 | D        | Became a worshipper of Gozag Ym Sagoz the Greedy
    63 | D        | Found a stormy altar of Qazlal.
    64 | D        | Found a sacrificial altar of Ru.
    65 | D        | Found a shimmering blue altar of Sif Muna.
    66 | D        | Found a bloodstained altar of Trog.
    67 | D        | Found a hide-covered altar of Uskayaw.
    68 | D        | Found a radiant altar of Vehumet.
    69 | D        | Found an ornate altar of the Wu Jian Council.
    70 | D        | Found a shimmering altar of Xom.
    71 | D        | Found a basalt altar of Yredelemnul.
    72 | D        | Found a glowing silver altar of Zin.
    73 | D        | Found a glowing golden altar of the Shining One.
   180 | D        | Noticed a wraith
   180 | D        | Noticed a wraith
   180 | D        | Noticed a gargoyle
   180 | D        | Noticed an orc warrior
   185 | D        | Killed an orc warrior
   186 | D        | Reached skill level 9 in Polearms
   186 | D        | Reached XP level 5. HP: 28/52 MP: 4/4
   194 | D        | Killed a gargoyle
   195 | D        | Reached skill level 12 in Polearms
   195 | D        | Reached XP level 6. HP: 20/66 MP: 5/5
   197 | D        | Killed a wraith
   198 | D        | Reached skill level 10 in Fighting
   198 | D        | Reached skill level 13 in Polearms
   198 | D        | Reached skill level 10 in Armour
   198 | D        | Reached XP level 7. HP: 18/72 MP: 6/6
   207 | D        | Killed a wraith
   208 | D        | Reached skill level 14 in Polearms
   381 | D        | Noticed a tengu warrior
   381 | D        | Noticed a tengu conjurer
   381 | D        | Noticed a slime creature
   381 | D        | Noticed a red ugly thing
   381 | D        | Noticed a six-headed hydra
   385 | D        | Killed an eight-headed hydra
   386 | D        | Reached skill level 15 in Polearms
   386 | D        | Reached XP level 8. HP: 83/83 MP: 7/7
   395 | D        | Killed a red ugly thing
   396 | D        | Reached skill level 16 in Polearms
   399 | D        | Killed a slime creature
   407 | D        | Killed a tengu warrior
   408 | D        | Reached skill level 17 in Polearms
   408 | D        | Reached XP level 9. HP: 56/93 MP: 8/8
   411 | D        | Killed a tengu conjurer
   412 | D        | Reached skill level 18 in Polearms
   625 | D        | Noticed a komodo dragon
   625 | D        | Noticed a komodo dragon
   632 | D        | Killed a komodo dragon
   633 | D        | Noticed a cane toad
   634 | D        | Killed a komodo dragon
   637 | D        | Noticed a komodo dragon
   659 | D        | Reached skill level 19 in Polearms
   661 | D        | Killed a cane toad
   662 | D        | Reached XP level 10. HP: 84/104 MP: 9/9
   780 | D        | Noticed a cane toad
   780 | D        | Noticed a cane toad
   780 | D        | Noticed a cane toad
   782 | D        | Killed a cane toad
   784 | D        | Killed a cane toad
   785 | D        | Reached skill level 15 in Fighting
   785 | D        | Reached skill level 20 in Polearms
   785 | D        | Reached skill level 15 in Armour
   795 | D        | Killed a cane toad
   950 | D        | Noticed a cane toad
   950 | D        | Noticed a cane toad
   953 | D        | Reached skill level 21 in Polearms
   961 | D        | Killed a cane toad
   975 | D        | Killed a cane toad
  1125 | D        | Reached XP level 11. HP: 112/114 MP: 10/10
  1210 | D        | Reached skill level 22 in Polearms
  1237 | D        | Noticed an orc sorcerer
  1240 | D        | Noticed an orc knight
  1257 | D        | Killed an orc sorcerer
  1262 | D        | Killed an orc knight
  1481 | D        | Found Bius Wis's Jewellery Boutique.
  1481 | D        | Noticed an orc knight
  1481 | D        | Noticed an orc knight
  1482 | D        | Noticed an orc knight
  1489 | D        | Killed an orc knight
  1494 | D        | Noticed an orc knight
  1505 | D        | Killed an orc knight
  1506 | D        | Reached skill level 23 in Polearms
  1511 | D        | HP: 2/117 [orc knight/+0 glaive (12)]
  1513 | D        | Slain by an orc knight

Illustrated notes

Levels and vault maps discovered:
D:        linesprint [early_d, line_temple, items_1, d_10, items_2, lair_1,
          lair_end, items_3, orc_1, orc_end, items_4, d_15, swamp_1, shoals_1,
          snake_1, spider_1, d_20, vaults_1, items_5, swamp_end, shoals_end,
          snake_end, spider_end, vaults_end, d_27, items_6, zot_1, zot_end,
          crypt_end, forest_end, elf_end, slime_end, tomb_end, abyss_end,
          pan_hell_end]

Skill      XL: |  1  2  3  4  5  6  7  8  9 10 11 |
---------------+----------------------------------+-----
Polearms       | 5 7 9 12 13 15 17 19 21 23 | 23.1
Fighting       | 5 6 7 9 10 11 13 14 16 17 | 17.2
Armour         | 5 6 7 9 10 11 13 14 16 17 | 17.2
Shields        | |  3.6

Action                     |  1- 3 |  4- 6 |  7- 9 | 10-12 || total
---------------------------+-------+-------+-------+-------++-------
  Melee: Trident           |    34 |       |       |       ||    34
         Headbutt          |     4 |     2 |    14 |    28 ||    48
         Halberd           |       |    17 |    57 |   182 ||   256
    Use: Potion            |       |       |     2 |     6 ||     8
         Scroll            |       |       |       |     1 ||     1
   Stab: Distracted        |       |       |       |     4 ||     4
 Armour: Scale mail        |    15 |       |       |       ||    15
         Chain mail        |       |     4 |    30 |    41 ||    75
         Plate armour      |       |       |       |     6 ||     6
  Dodge: Dodged            |    13 |     4 |    14 |    40 ||    71
  Block: Buckler           |     4 |       |       |       ||     4
